woodfighter, lawful female human Knight --------------- |.............| -+---- ---------- ....q.%.......| #.....| |........+ |.........&.%.Q# #|....| |........| -------q-------@ #|*...-# |......... ## # #------# |........| # # ## # +........| ######## # # # -------.-- -|--- # # ### # |...| #%## # #------ # |..(| #-------------# #|....| # |...| %|.....)....%|# #|>...| # |...| #|.......^%%%-# #|....| ### |..{| #|......%%%%[| #.....| # ##..`.| #............| ------ --.-- # ----- %^.......%...| |..<.####### ------------- |..*| ----- woodfighter the Sergeant Experience level: 10 Strength: 18/07 Dexterity: 15 Constitution: 15 Intelligence: 7 Wisdom: 14 Charisma: 18 Health: 0(75) Energy: 60(60) Def: 15 Gold: 0 Moves: 12456 Dungeon seed: egykhjkVsWEuU3Rr Game ID: woodfighter_1510609935 Your Inventory: Amulets u - an uncursed amulet of ESP (being worn) Weapons a - the blessed rustproof +1 Excalibur (weapon in hand) Armor e - a blessed +3 dwarvish cloak (being worn) j - an uncursed +0 dwarvish mithril-coat (being worn) r - an uncursed +0 pair of leather gloves (being worn) z - an uncursed +0 pair of elven boots (being worn) M - a blessed +0 orcish helm (being worn) R - an uncursed +0 small shield (being worn) Comestibles b - 3 uncursed tripe rations p - 14 uncursed apples v - 12 uncursed carrots w - an uncursed cream pie E - an uncursed sprig of wolfsbane U - an uncursed banana Z - an uncursed lizard corpse Rings K - an uncursed +1 ring of increase damage (on left hand) Q - an uncursed ring of polymorph control (on right hand) Wands k - a wand of teleportation (0:4) N - a wand of digging (0:3) P - a wand of digging (0:5) V - a wand of fire (0:4) Tools q - a +0 unicorn horn s - an uncursed bag of holding t - an uncursed towel y - an uncursed skeleton key B - a +0 pick-axe Gems n - an uncursed luckstone Contents of the bag of holding: 6456 gold pieces a [uncursed] [+0] dwarvish cloak a blessed +1 mummy wrapping 6 uncursed food rations an uncursed lizard corpse a [uncursed] scroll of confuse monster a [uncursed] scroll of earth a [uncursed] scroll of enchant armor 2 [uncursed] scrolls of enchant weapon a [uncursed] scroll of identify 2 uncursed scrolls of remove curse an uncursed scroll of teleportation a [blessed] scroll of teleportation an uncursed spellbook of create monster an uncursed spellbook of dig an uncursed spellbook of force bolt a [blessed] potion of blindness a [uncursed] potion of confusion a blessed potion of extra healing a [cursed] potion of levitation 4 uncursed potions of object detection an uncursed potion of paralysis a cursed ring of searching an uncursed wand of death [0:3] an uncursed wand of enlightenment [0:1] an uncursed wand of make invisible [0:4] an uncursed wand of striking [0:8] Spells and supernatural/magical abilities: Name Level Category Fail Memory W - pray for help -- divine ? -- X - turn undead -- divine ? -- Y - supernatural jump -- ability ? -- Your skills at the end: Miscellaneous Skills shield [Basic] wands [Basic] riding [Basic] Weapon Skills long sword [Skilled] polearms [Basic] Spellcasting Skills Final Attributes: You had transgressed. You were poison resistant. You were level-drain resistant. Your writing hand was ok. You saw invisible. You were telepathic. You had automatic searching. You were invisible to others. You were somewhat stealthy. You could jump. You had a +1 damage bonus. You were protected. You had polymorph control. You were fast. You were lucky. You had extra luck. Bad luck did not time out for you. Good luck did not time out for you. You are dead. Vanquished creatures: a green dragon a shopkeeper 2 giant mimics a large mimic a stalker 2 quantum mechanics 2 small mimics a xan an ettin mummy 2 freezing spheres a shocking sphere a large cat a tengu an ochre jelly an elf mummy a human mummy 2 red nagas a wraith a leather golem an incubus 5 giant beetles 2 wolves 2 black lights a gremlin 4 leprechauns 3 lizards 2 giant spiders a scorpion 5 gnome kings a dwarf mummy 4 ogres a Green-elf a rust monster 4 owlbears 2 gold golems 9 piranhas 2 dingos 3 water nymphs a gray unicorn a black unicorn 3 dust vortices a raven a plains centaur 3 gnome mummies 5 Woodland-elves 3 snakes 2 apes 6 human zombies 4 soldier ants a yellow light 7 bugbears a wood nymph 4 Mordor orcs 12 Uruk-hai a rock mole 3 rock piercers a pony 4 fog clouds a shrieker a violet fungus 19 gnome lords 5 gnomish wizards 2 kobold mummies 2 red naga hatchlings a black naga hatchling a golden naga hatchling 4 gray oozes 6 elf zombies 2 ghouls 2 straw golems a paper golem 3 jellyfish 6 giant ants a puppy 4 floating eyes 2 kittens 8 dwarves 3 homunculi a kobold lord 5 iguanas 17 hill orcs 10 rothes 3 rabid rats a centipede 3 jitterbugs a monkey 3 orc zombies a wererat a werejackal 18 killer bees 2 coyotes 3 gas spores 5 hobbits an acid blob 2 large kobolds 5 geckos 5 hobgoblins 7 giant rats 5 cave spiders 4 brown molds 2 yellow molds 4 green molds 4 red molds 56 gnomes 10 garter snakes 3 gnome zombies 11 jackals 3 kobolds 10 newts 6 goblins 6 sewer rats 2 grid bugs 9 bats 7 lichens 2 kobold zombies 453 creatures vanquished. Voluntary challenges: You did not have reflection. You were not displaced. You had been an atheist until turn 2855. You used a wielded weapon 584 times, starting on turn 2. You did not use sinks. You read items or engraved 4 times, starting on turn 2854. You never genocided any monsters. You polymorphed 1 item, starting on turn 10489. You never changed form. You completed Sokoban on turn 5405, according to the rules. You used no wishes. You never split a pudding. You never wrote Elbereth's name. You violated your moral code, losing 26 points of alignment, starting on turn 169. Dungeon overview: The Dungeons of Doom: levels 1 to 14 Level 1 a fountain a long staircase Level 2 (box + vault) a general store, some fountains stairs to The Gnomish Mines Level 3 (vault) a sink Level 4 a general store, a sink Level 5 (vault) Level 6 many fountains Level 7 some fountains stairs to Sokoban Level 8 Level 9 a fountain Level 10 Level 11 an altar to Brigit, some fountains Level 12 Level 13 (quest) <- You were here a fountain Level 14 a scroll shop, a fountain The Gnomish Mines: levels 3 to 10 Level 3 stairs to The Dungeons of Doom Level 4 Level 5 Level 6 many shops, a temple to Lugh, a magic chest, some trees Level 7 Level 8 Level 9 Level 10 a magic chest, a fountain Sokoban: levels 3 to 6 Level 3 a magic chest Level 4 Level 5 Level 6 an altar to Lugh, a magic chest stairs to The Dungeons of Doom History has recorded: On T:1 you entered the Dungeons of Doom to retrieve the Amulet of Yendor! On T:289 you reached level 2 of The Dungeons of Doom. On T:290 you advanced to experience level 2. On T:439 you advanced to experience level 3. On T:582 you reached level 1 of The Gnomish Mines. On T:588 you advanced to experience level 4. On T:631 you reached level 3 of The Dungeons of Doom. On T:835 you reached level 4 of The Dungeons of Doom. On T:950 you advanced to experience level 5. On T:1133 you reached level 5 of The Dungeons of Doom. On T:1269 you advanced to experience level 6. On T:2223 you reached level 6 of The Dungeons of Doom. On T:2696 you reached level 7 of The Dungeons of Doom. On T:2725 you advanced to experience level 7. On T:2831 you reached level 4 of Sokoban. On T:2853 you opened a magic chest. On T:3104 you reached level 3 of Sokoban. On T:3554 you reached level 2 of Sokoban. On T:4219 you reached level 1 of Sokoban. On T:5405 you advanced to experience level 8. On T:5405 you entered the Sokoban zoo. On T:6688 you reached level 2 of The Gnomish Mines. On T:6920 you reached level 3 of The Gnomish Mines. On T:7119 you advanced to experience level 9. On T:7161 you reached level 4 of The Gnomish Mines. On T:7425 you reached level 5 of The Gnomish Mines. On T:7679 you entered the Minetown temple On T:7894 you reached level 6 of The Gnomish Mines. On T:8435 you reached level 7 of The Gnomish Mines. On T:9012 you reached level 8 of The Gnomish Mines. On T:9012 you reached the bottom of the Mines. On T:10337 you reached level 8 of The Dungeons of Doom. On T:10641 you advanced to experience level 10. On T:11106 you reached level 9 of The Dungeons of Doom. On T:11478 you reached level 10 of The Dungeons of Doom. On T:11508 you reached level 11 of The Dungeons of Doom. On T:11893 you reached level 12 of The Dungeons of Doom. On T:11937 you reached level 13 of The Dungeons of Doom. Score breakdown: Gold: 6456 ( 645 points) Experience: 10 levels ( 900 points) Exploration: 14 levels ( 390 points) Discoveries: 49 items ( 2000 points) Variety of kills: 115 monsters ( 2000 points) Major goal: Sokoban/Mines ( 1500 points) Survival: died (score multiplied by 3) Total score: 22305 Latest messages: You put a scroll called 100er 7 into the bag called holding. Your movements are now unencumbered. You stop exploring. The invisible stalker claws you! You hack the invisible stalker. You kill the invisible stalker! You have a little trouble lifting T - a potion called hallu,blind,confuse. You see here a stalker corpse. Your movements are slowed slightly because of your load. You put a potion called hallu,blind,confuse into the bag called holding. Your movements are now unencumbered. This stalker corpse tastes terrible! You finish eating the stalker corpse. You feel a bit steadier now. You slash the Green-elf! The Green-elf swings her elven broadsword at you. The Green-elf slashes you! You slash the Green-elf! The Green-elf swings her elven broadsword at you. The Green-elf hacks you! You die... Final status: Fare thee well woodfighter the Knight, killed by a Green-elf... You died in The Dungeons of Doom on dungeon level 13 with 22305 points, and 6456 pieces of gold, after 12456 moves. You were level 10 with a maximum of 75 hit points when you died.